Map: Acid Plant LE

Players

Woogie - Winner!

  • Race: Zerg Zerg
  • League: Diamond
  • Spawn Location: 11:00

Mck

  • Race: Protoss Protoss
  • League: Diamond
  • Spawn Location: 5:00

VOD

Have the link to the VOD?

Description

Time

  • Played on: Sept. 17, 2018, 4:12 p.m.
  • Length: 14:42
Show
View Real Time Build Order
Export as new Build Order

Woogie Zerg - Winner!

Build Orders: Hatch First 

Get SALT Encoding   

  12  0:01  Drone  
  13  0:13  Overlord  
  13  0:17  Drone  
  14  0:32  Drone x2  
  16  0:39  Drone  
  17  0:53  Hatchery  
  16  0:58  Drone  
  17  1:11  Spawning Pool  
  17  1:16  Drone  
  17  1:19  Extractor, Drone  
  17  1:30  Drone x2  
  19  1:50  Overlord  
  19  2:14  Drone x3, Queen  
  19  2:15  Queen  
  26  2:18  Drone  
  27  2:24  Metabolic Boost  
  27  2:33  Drone x2  
  29  2:42  Drone  
  29  2:43  Drone  
  31  2:48  Hatchery  
  31  2:50  Overlord  
  30  2:52  Drone  
  31  3:02  Queen  
  31  3:05  Queen  
  35  3:08  Drone  
  35  3:12  Overlord  
  36  3:23  Drone x4  
  40  3:42  Zergling x2  
  40  3:43  Zergling x10  
  46  3:52  Overlord  
  46  3:53  Overlord  
  46  3:57  Lair  
  46  4:01  Drone  
  47  4:03  Drone  
  47  4:29  Drone x5  
  47  4:30  Drone x4  
  56  4:33  Extractor  
  56  4:34  Extractor  
  53  4:50  Baneling Nest  
  52  4:54  Drone x3  
  52  4:59  Queen x2  
  55  5:00  Queen  
  55  5:01  Overlord  
  55  5:02  Overlord  
  55  5:03  Drone x4  
  63  5:32  Zergling x2  
  63  5:33  Zergling x26  
  63  5:35  Baneling x3, Hatchery  
  77  5:36  Baneling x3  
  77  5:37  Hatchery  
  75  5:54  Centrifical Hooks, Evolution Chamber  
  75  5:55  Evolution Chamber  
  62  6:33  Zergling x2  
  62  6:34  Zergling x28  
  77  6:42  Hydralisk Den  
  74  7:05  Drone  
  74  7:06  Drone x7  
  82  7:15  Grooved Spines  
  82  7:16  Zerg Missile Weapons Level 1  
  82  7:17  Zerg Ground Armor Level 1  
  82  7:18  Baneling  
  82  7:19  Baneling x6  
  82  7:20  Baneling  
  72  7:57  Hydralisk  
  72  7:58  Hydralisk x11  
  67  8:00  Drone  
  67  8:01  Drone x4  
  67  8:03  Overlord x5  
  93  8:06  Baneling x2  
  93  8:07  Baneling  
  93  8:18  Extractor  
  92  8:28  Muscular Augments  
  91  8:38  Extractor  
  91  8:39  Extractor  
  91  8:40  Extractor  
  88  8:42  Extractor  
  87  8:51  Zergling x2  
  87  8:52  Zergling x26  
  87  8:53  Drone x2  
  87  8:54  Drone x6  
  87  8:55  Drone x2  
  111  9:09  Infestation Pit  
  110  9:11  Spire  
  109  9:26  Baneling x7  
  109  9:27  Baneling x2  
  109  9:29  Drone  
  109  9:30  Drone x5  
  115  9:36  Zerg Missile Weapons Level 2  
  115  9:40  Zerg Melee Weapons Level 1  
  115  10:00  Overlord x5  
  115  10:03  Hive  
  115  10:11  Hydralisk x7  
  115  10:12  Hydralisk x2  
  133  10:27  Corruptor x4  
  133  10:28  Corruptor x4  
  149  10:50  Drone x4  
  149  10:51  Drone  
  149  10:52  Drone x4  
  149  10:53  Overlord  
  149  10:54  Overlord x3  
  158  10:58  Pneumatized Carapace  
  152  11:18  Hydralisk  
  130  11:19  Hydralisk x8  
  109  11:48  Greater Spire  
  109  11:51  Zergling x6  
  109  11:52  Zergling x30  
  127  12:02  Extractor  
  98  12:46  Hydralisk  
  98  12:47  Hydralisk x7  
  98  12:48  Hydralisk x7  
  98  12:50  Zergling x6  
  98  12:51  Zergling x14  
  135  12:52  Zergling x2  
  135  12:57  Hydralisk  
  141  13:11  Brood Lord x5  
  141  13:12  Corruptor x2  
  151  13:13  Corruptor  
  151  13:14  Corruptor x2  
Show
View Real Time Build Order
Export as new Build Order

Mck Protoss 

Build Orders: 1 Gate Expand 

Get SALT Encoding   

  12  0:01  Probe  
  13  0:13  Probe  
  14  0:20  Pylon  
  14  0:25  Probe  
  15  0:36  Probe  
  15  0:39  Gateway  
  16  0:44  Probe  
  16  0:48  Assimilator  
  17  0:53  Probe  
  18  1:05  Probe  
  19  1:17  Probe  
  20  1:24  Nexus  
  20  1:35  Cybernetics Core  
  20  1:37  Probe  
  21  1:44  Assimilator  
  21  1:51  Probe  
  22  1:57  Pylon  
  22  2:03  Probe  
  22  2:05  Stalker  
  25  2:16  Probe  
  25  2:21  Warp Gate  
  26  2:28  Probe  
  27  2:34  Gateway  
  27  2:35  Adept  
  29  2:39  Probe  
  30  2:49  Probe  
  31  2:51  Twilight Council  
  31  2:52  Probe  
  32  3:02  Adept  
  32  3:03  Probe  
  35  3:07  Probe  
  35  3:09  Pylon  
  36  3:17  Probe  
  36  3:19  Gateway  
  37  3:21  Adept  
  39  3:36  Probe x2  
  39  3:39  Resonating Glaives  
  41  3:42  Gateway  
  41  3:48  Probe x2  
  43  3:51  Pylon  
  43  3:52  Adept  
  45  4:00  Probe x2  
  45  4:02  Assimilator  
  47  4:05  Assimilator  
  47  4:12  Probe x2  
  49  4:27  Probe  
  49  4:30  Probe  
  49  4:37  Pylon  
  49  4:39  Probe  
  49  4:42  Probe  
  49  4:44  Adept x3  
  57  4:50  Gateway  
  57  4:51  Probe  
  57  4:52  Pylon  
  58  4:54  Probe  
  59  5:03  Probe  
  59  5:04  Adept  
  62  5:13  Probe  
  62  5:22  Adept x3  
  62  5:24  Probe  
  62  5:27  Nexus  
  69  5:28  Pylon  
  69  5:29  Forge  
  69  5:32  Robotics Facility  
  69  5:43  Probe  
  69  5:48  Pylon  
  70  5:52  Charge  
  70  5:55  Gateway  
  70  5:56  Probe  
  71  5:57  Gateway  
  71  5:59  Protoss Ground Weapons Level 1  
  71  6:00  Sentry x2  
  71  6:01  Sentry  
  77  6:04  Stalker x2  
  77  6:06  Probe  
  74  6:26  Observer  
  74  6:29  Probe  
  63  6:38  Adept x4, Robotics Bay  
  63  6:39  Adept  
  74  6:42  Probe x3  
  77  6:51  Shield Battery  
  77  6:59  Probe  
  77  7:00  Probe  
  79  7:03  Immortal  
  79  7:06  Probe  
  79  7:08  Assimilator  
  84  7:11  Probe  
  84  7:12  Assimilator  
  85  7:16  Pylon  
  85  7:20  Templar Archives, Stalker  
  85  7:21  Stalker x2  
  91  7:22  Pylon  
  91  7:25  Probe x2  
  93  7:31  Colossus  
  93  7:43  Extended Thermal Lance  
  87  7:52  Zealot  
  87  7:56  Zealot x4  
  89  7:59  Probe x2  
  91  8:06  Pylon  
  91  8:09  Probe  
  91  8:11  Probe x2  
  94  8:13  High Templar x3  
  100  8:20  Archon  
  100  8:24  High Templar  
  100  8:26  Colossus  
  102  8:27  Protoss Ground Weapons Level 2  
  102  8:32  Archon  
  108  8:46  Zealot x5  
  118  8:49  Probe  
  118  8:52  Gateway  
  119  8:55  Gateway  
  119  8:56  Probe  
  119  8:57  Photon Cannon  
  120  9:06  High Templar  
  120  9:07  High Templar  
  124  9:11  Archon  
  124  9:14  Probe  
  125  9:31  Pylon  
  125  9:33  Pylon  
  125  9:34  Pylon  
  125  9:37  Pylon  
  125  9:38  Pylon  
  125  9:49  Colossus  
  131  9:52  High Templar  
  131  9:53  High Templar x3  
  131  9:58  Archon  
  131  9:59  High Templar x2  
  143  10:07  Zealot x3  
  149  10:28  Stalker x4  
  157  10:44  Protoss Ground Weapons Level 3  
  157  10:48  Gateway  
  157  10:49  Psionic Storm  
  157  10:50  Gateway  
  157  10:51  Gateway  
  157  10:57  Pylon  
  157  10:59  Pylon  
  157  11:08  Warp Prism  
  157  11:10  Archon x2, Probe  
  102  11:36  Colossus  
  92  11:53  High Templar  
  88  11:54  High Templar  
  88  11:58  High Templar x2  
  88  11:59  High Templar x2  
  98  12:05  Archon x2  
  98  12:07  Archon, High Templar  
  96  12:24  Zealot  
  96  12:25  Zealot x4  
  106  12:36  Zealot x3  
  94  12:37  Zealot  
  94  12:42  Probe  
  93  12:52  Probe  
  94  12:59  Colossus  
  100  13:06  High Templar x4  
  100  13:08  Cybernetics Core  
  100  13:10  Pylon  
  100  13:12  Gateway  
  108  13:17  Zealot x4  
  108  13:18  Zealot  
  118  13:36  Nexus  
  118  13:37  Pylon  
  118  13:39  Pylon  
  118  13:47  Stalker x3  
  118  13:48  Stalker  
  125  14:00  Stalker  
  125  14:01  Stalker x4  
  125  14:02  Stalker  
Tags
 
Add a new tag
Caveats
  • Supply blocks, unpowered buildings, or Contaminate may cause inaccurate times.
  • Supply counts are checked every 10 seconds.